 Dungeon Crawl Stone Soup version 0.23.1 (webtiles) character file.

Game seed: 0

49 sanboga the Skirmisher (level 3, -2/24 HPs)
             Began as a Gargoyle Berserker on Mar 7, 2019.
             Was a Follower of Trog.
             Slain by a worm (7 damage)
             ... on level 2 of the Dungeon.
             The game lasted 00:01:25 (846 turns).

sanboga the Skirmisher (Gargoyle Berserker)          Turns: 846, Time: 00:01:25

Health: -2/24      AC:  5    Str: 21    XL:     3   Next: 77%
Magic:  3/3        EV: 12    Int:  7    God:    Trog [*.....]
Gold:   32         SH:  0    Dex:  9    Spells: 2/2 levels left

rFire    . . .     SeeInvis +   a - +0 hand axe
rCold    . . .     Gourm    .   (no shield)
rNeg     + . .     Faith    .   b - +0 animal skin
rPois    ∞         Spirit   .   (no helmet)
rElec    +         Reflect  .   (no cloak)
rCorr    .         Harm     .   (no gloves)
MR       .....                  (no boots)
Stlth    ..........             (no amulet)
HPRegen  0.08/turn              g - ring of attention (curse)
MPRegen  0.08/turn              e - ring of see invisible

@: no status effects
A: negative energy resistance 1, electricity resistance, unbreathing,
petrification resistance, rot immunity, AC +3
a: Berserk, Renounce Religion


You were on level 2 of the Dungeon.
You worshipped Trog.
Trog was aware of your devotion.
You were not hungry.

You visited 1 branch of the dungeon, and saw 2 of its levels.

You collected 32 gold pieces.

Inventory:

Hand Weapons
 a - a +0 hand axe (weapon)
Armour
 b - a +0 animal skin (worn)
Jewellery
 e - a ring of see invisible (right hand)
 g - a cursed ring of attention (left hand)
Scrolls
 i - a scroll of remove curse {unknown}
 k - a scroll of magic mapping {unknown}
Potions
 f - a potion of haste {unknown}
 h - a potion of lignification {unknown}
 j - a potion of heal wounds {unknown}
 l - a potion of ambrosia {unknown}
Comestibles
 c - 6 rations
 d - 3 chunks of flesh


   Skills:
 + Level 3.7 Fighting
 * Level 3.5 Axes
 + Level 2.9 Armour
 - Level 1.5 Dodging


You had 2 spell levels left.
You didn't know any spells.
Your spell library was empty.

Dungeon Overview and Level Annotations

Branches:
Dungeon (2/15)

Altars:


Innate Abilities, Weirdness & Mutations

You are resistant to torment.
Your stone body is resilient. (AC +3)
You are immune to poison.
You resist negative energy. (rN+)
You are resistant to electric shocks. (rElec)
You can survive without breathing.
You are immune to petrification.
You are immune to rotting.


Message History

The worm bites you!
* * * LOW HITPOINT WARNING * * *
You are too injured to fight recklessly!
You are too injured to fight recklessly!
You are too injured to fight recklessly!
You are too injured to fight recklessly!
You are too injured to fight recklessly!
You are too injured to fight recklessly!
You are too injured to fight recklessly!
You are too injured to fight recklessly!
You are too injured to fight recklessly!
You are too injured to fight recklessly!
You are too injured to fight recklessly!
You are too injured to fight recklessly!
You are too injured to fight recklessly!
You are too injured to fight recklessly!
You hit the worm.
The worm is severely wounded.
The worm bites you!
You die...

#..........>......
#.###############.
#.# #. #.# ##. #.#
######.. ##.##
........
######$..######
######..
...............
........
######)@.#.###.
######.. ##w##.#
#.. #.. # ##. ##.#
#. .# .. #. ..
..#######. #...#
#.##...... ##...#
#.##.####. ....#
#.##.####.


You could see a worm.

Vanquished Creatures
  2 adders (D:2)
  3 dart slugs
  A leopard gecko (D:1)
  3 giant cockroaches (D:1)
  5 goblins
  2 hobgoblins (D:2)
  2 jackals (D:1)
  2 bats
  A frilled lizard (D:1)
  4 rats
25 creatures vanquished.

Notes
Turn   | Place    | Note
-------+----------+-------------------------------------------
     0 | D:1      | sanboga the Gargoyle Berserker began the quest for the Orb.
     0 | D:1      | Reached XP level 1. HP: 14/14 MP: 1/1
   111 | D:1      | Reached XP level 2. HP: 17/19 MP: 2/2
   538 | D:2      | Reached XP level 3. HP: 23/23 MP: 3/3
   846 | D:2      | Slain by a worm

Skill      XL: |  1  2 |
---------------+-------+-----
Axes           | 3 |  3.5
Fighting       | |  3.7
Armour         | |  2.9
Dodging        | |  1.5

Action                   || total
-------------------------++-------
Melee: Hand axe          ||   101
  Use: Scroll            ||     2
       Potion            ||     1
Armor: Animal skin       ||    39
Dodge: Dodged            ||    66
